 Dungeon Crawl Stone Soup version 0.27-a0-789-g6bb3289e1e (webtiles) character file.

Game seed: 2612947063597829399

6137 polve the Cleaver (level 10, -5/93 HPs)
             Began as a Hill Orc Berserker on Mar 26, 2021.
             Was a High Priest of Trog.
             Slain by a hornet (10 damage)
             ... on level 9 of the Dungeon.
             The game lasted 00:09:39 (11349 turns).

polve the Cleaver (Hill Orc Berserker)             Turns: 11349, Time: 00:09:39

Health: -5/93      AC: 11    Str: 21    XL:     10   Next: 89%
Magic:  10/10      EV: 15    Int: 14    God:    Trog [*****.]
Gold:   502        SH:  6    Dex: 23    Spells: 9/9 levels left

rFire    . . .     SeeInvis .   v - +0 war axe
rCold    . . .     Faith    .   B - +0 buckler
rNeg     . . .     Spirit   .   K - +1 ring mail of the Apothecary {*Contam rElec rCorr Int+7 Dex+4}
rPois    .         Reflect  .   j - +0 helmet
rElec    +         Harm     .   g - +0 cloak
rCorr    +         Rampage  .   (no gloves)
Will     ++...                  F - +0 pair of boots
Stlth    +.........             (no amulet)
HPRegen  1.25/turn              i - +4 ring of evasion
MPRegen  0.12/turn              k - +6 ring of dexterity

@: lethally poisoned (-5 -> -6), regenerating, slowed, very slow
A: no striking features
a: Renounce Religion, Berserk, Trog's Hand, Brothers in Arms


You were on level 9 of the Dungeon.
You worshipped Trog.
Trog was extremely pleased with you.
You visited 1 branch of the dungeon, and saw 9 of its levels.

You collected 502 gold pieces.

Inventory:

Hand Weapons
 v - a +0 war axe (weapon)
Armour
 g - a +0 cloak (worn)
 j - a +0 helmet (worn)
 x - a +2 leather armour of poison resistance
 B - a +0 buckler (worn)
 F - a +0 pair of boots (worn)
 K - the +1 ring mail of the Apothecary (worn) {*Contam rElec rCorr Int+7 Dex+4}
   (You found it on level 8 of the Dungeon)

   It affects your intelligence (+7).
   It affects your dexterity (+4).
   It insulates you from electricity.
   It causes magical contamination when unequipped.
   It provides partial protection from all sources of acid and corrosion.
Jewellery
 i - a +4 ring of evasion (right hand)
 k - a +6 ring of dexterity (left hand)
 I - a ring of protection from cold
 O - an amulet of regeneration
Wands
 h - a wand of charming (5)
 u - a wand of random effects (11)
 y - a wand of flame (19)
 D - a wand of acid (13)
Scrolls
 a - 3 scrolls of magic mapping {unknown}
 b - a scroll of blinking {unknown}
 c - 2 scrolls of teleportation {unknown}
 d - 4 scrolls of enchant armour {unknown}
 e - 4 scrolls of amnesia {unknown}
 f - a scroll of noise {unknown}
 l - a scroll of fear {unknown}
 q - 10 scrolls of identify {unknown}
 w - a scroll of fog {unknown}
 E - 2 scrolls of immolation {unknown}
 H - a scroll of summoning {unknown}
 J - 2 scrolls of enchant weapon {unknown}
 L - 2 scrolls of vulnerability {unknown}
 M - a scroll of holy word {unknown}
Potions
 m - a potion of might {unknown}
 o - a potion of lignification {unknown}
 p - 4 potions of curing {unknown}
 r - 5 potions of haste {unknown}
 s - a potion of brilliance {unknown}
 t - 2 potions of attraction {unknown}
 z - 2 potions of berserk rage {unknown}
 A - a potion of flight {unknown}
 C - a potion of magic {unknown}
 G - a potion of ambrosia {unknown}
 N - a potion of degeneration {unknown}


   Skills:
 + Level 10.2 Fighting
 * Level 14.5 Axes
 - Level 5.6 Armour
 - Level 1.5 Dodging
 - Level 4.0 Shields
 - Level 5.0 Evocations


You had 9 spell levels left.
You didn't know any spells.
Your spell library was empty.

Dungeon Overview and Level Annotations

Branches:
Dungeon (9/15)             Temple (0/1) D:5            Lair (0/6) D:9
    Orc: D:9-12

Altars:
Ashenzari
Kikubaaqudgha
Makhleb
Okawaru
Sif Muna
Uskayaw
The Shining One


Message History

The orc warrior hits you from afar with a +0 glaive!
You feel extremely sick. The hornet stings you!
You feel yourself slow down. The shadow hits you!
* * * LOW HITPOINT WARNING * * *
The orc warrior hits you from afar with a +0 glaive!
* * * LOW HITPOINT WARNING * * *
The hornet stings you but does no damage.
You can move again.
You feel much better.
You feel sick. The hornet stings you!
You are more poisoned.
You feel as though you will be slow longer.
The howler monkey hoots and howls with incredible vigour!
The shadow barely misses you.
The orc warrior hits you from afar with a +0 glaive!
* * * LOW HITPOINT WARNING * * *
You block the hornet's attack.
The orc warrior hits you from afar with a +0 glaive.
* * * LOW HITPOINT WARNING * * *
The shadow slips into darkness.
The shadow flickers and vanishes!
Deactivating autopickup; reactivate with Ctrl-A.
You hear an angry buzzing noise.
You feel much better.
You feel extremely sick.
The hornet stings you but does no damage.
You block the hornet's attack.
The shadow strikes at you from the darkness!
* * * LOW HITPOINT WARNING * * *
Reactivating autopickup.
You block the orc warrior's attack.
Your skin crawls.
You feel strong-willed.
You feel sick. The hornet closely misses you. You block the hornet's attack.
The shadow slips into darkness.
The shadow flickers and vanishes!
Deactivating autopickup; reactivate with Ctrl-A.
The orc warrior hits you from afar with a +0 glaive.
* * * LOW HITPOINT WARNING * * *
The hornet stings you!
You die...

##..# #....
#########....
#######............
#....†'......#..##.
#....)#......##....
#...).#......##....
#.....#......##[...
#.....#......##....
##@############....


#{yyz#Tl ..##.... #lho.#..z# .##..#. #Z..T'.o.# #..#. #....##### #.... ######
.... You could see a troll, a hornet, an orc warrior, a wyvern, a howler monkey
(catching breath), a killer bee, a wight and a killer bee zombie.

Vanquished Creatures
  Pikel (D:4)
  An ugly thing (D:8)
  Maurice (D:8)
  Joseph (D:8)
  A troll (D:9)
  A wyvern (D:8)
  A vampire (D:8)
  A yak (D:8)
  A basilisk (D:9)
  2 steam dragons (D:6)
  Grum (D:8)
  A water moccasin (D:7)
  Duvessa (D:4)
  3 orc warriors
  A sky beast (D:7)
  3 black bears
  3 necrophages
  An ogre (D:5)
  2 wolves (D:8)
  A centaur (D:6)
  A lemure (D:4)
  4 kobold brigands
  A gnoll sergeant (D:9)
  2 bullfrogs
  Dowan (D:4)
  3 scorpions (D:5)
  A killer bee (D:9)
  4 wights (D:6)
  A howler monkey (D:8)
  A bullfrog zombie (D:6)
  2 jellies
  A bullfrog skeleton (D:5)
  4 hounds
  2 orc priests
  A gnoll shaman (D:5)
  5 iguanas
  Terence (D:2)
  11 orc wizards
  A killer bee zombie (D:6)
  3 hound skeletons
  A howler monkey zombie (D:8)
  Robin (D:2)
  5 gnolls (D:6)
  5 adders
  A shadow imp (D:5)
  A white imp (D:5)
  4 worms
  An adder skeleton (D:4)
  4 dart slugs
  22 orcs
  4 endoplasms
  4 giant cockroaches
  21 goblins
  8 hobgoblins
  5 jackals
  6 quokkas
  5 ball pythons
  3 bats
  4 frilled lizards
  24 kobolds
  2 rats
209 creatures vanquished.

Notes
Turn   | Place    | Note
-------+----------+-------------------------------------------
     0 | D:1      | polve the Hill Orc Berserker began the quest for the Orb.
     0 | D:1      | Reached XP level 1. HP: 19/19 MP: 1/1
   125 | D:1      | Reached XP level 2. HP: 11/27 MP: 2/2
   632 | D:1      | Reached XP level 3. HP: 29/33 MP: 3/3
  1277 | D:2      | Reached skill level 5 in Axes
  1304 | D:2      | Noticed Robin
  1314 | D:2      | Reached ** piety under Trog
  1317 | D:2      | Killed Robin
  1318 | D:2      | Reached XP level 4. HP: 26/40 MP: 4/4
  1643 | D:2      | Noticed Terence
  1651 | D:2      | Killed Terence
  2074 | D:2      | Found an ancient bone altar of Kikubaaqudgha.
  2211 | D:3      | Reached skill level 6 in Axes
  2211 | D:3      | Reached XP level 5. HP: 37/47 MP: 5/5
  3620 | D:4      | Noticed a black bear
  3632 | D:4      | Killed a black bear
  3633 | D:4      | Reached skill level 5 in Fighting
  3633 | D:4      | Reached skill level 7 in Axes
  3633 | D:4      | Reached XP level 6. HP: 45/56 MP: 6/6
  3860 | D:4      | Noticed Pikel
  3876 | D:4      | Killed Pikel
  3877 | D:4      | Reached skill level 8 in Axes
  3877 | D:4      | Reached XP level 7. HP: 63/63 MP: 7/7
  3978 | D:4      | Reached skill level 5 in Armour
  3988 | D:4      | Reached *** piety under Trog
  4254 | D:4      | Noticed Dowan
  4257 | D:4      | Noticed Duvessa
  4264 | D:4      | Killed Duvessa
  4265 | D:4      | Reached skill level 9 in Axes
  4265 | D:4      | Reached XP level 8. HP: 58/71 MP: 8/8
  4265 | D:4      | Killed Dowan
  4560 | D:5      | Entered Level 5 of the Dungeon
  4796 | D:5      | Found a staircase to the Ecumenical Temple.
  4917 | D:5      | Reached skill level 10 in Axes
  5755 | D:5      | Found a broken altar of Ashenzari.
  5877 | D:5      | Reached skill level 1 in Shields
  5935 | D:5      | Found an iron altar of Okawaru.
  5936 | D:5      | Found a hide-covered altar of Uskayaw.
  6332 | D:6      | Found a shimmering blue altar of Sif Muna.
  6332 | D:6      | Found a burning altar of Makhleb.
  6549 | D:6      | Reached skill level 11 in Axes
  6549 | D:6      | Reached XP level 9. HP: 34/80 MP: 9/9
  7387 | D:6      | Reached **** piety under Trog
  8612 | D:7      | Reached skill level 12 in Axes
  9181 | D:8      | Noticed Grum
  9189 | D:8      | Reached skill level 1 in Evocations
  9194 | D:8      | Noticed Maurice
  9197 | D:8      | Killed Grum
  9209 | D:8      | Killed Maurice
  9210 | D:8      | Reached XP level 10. HP: 43/90 MP: 10/10
  9475 | D:8      | Identified the +1 ring mail of the Apothecary {*Contam
                  | rElec rCorr Int+7 Dex+4}
  9582 | D:8      | Noticed Joseph
  9597 | D:8      | Killed Joseph
  9598 | D:8      | Reached skill level 13 in Axes
  9598 | D:8      | Reached skill level 5 in Evocations
  9950 | D:8      | Noticed a red ugly thing
 10026 | D:8      | Killed a red ugly thing
 10327 | D:8      | Found a glowing golden altar of the Shining One.
 10383 | D:8      | Found a burning altar of Makhleb.
 10496 | D:8      | Found an iron altar of Okawaru.
 10786 | D:9      | Found a staircase to the Lair.
 10810 | D:8      | Reached skill level 14 in Axes
 10810 | D:8      | Reached ***** piety under Trog
 10811 | D:8      | Reached skill level 10 in Fighting
 11345 | D:9      | Paralysed by a hornet for 1 turns
 11349 | D:9      | Slain by a hornet

Illustrated notes

Levels and vault maps discovered:
D:1:      erik_arrival_orb_chamber, layout_loops_ring, minmay_tetromino_i4
D:2:      layout_rooms, kiku_gazebo_pond_becter, serial_glass, glass_columns_a,
          glass_columns_a, uniq_robin, uniq_terence
D:3:      layout_basic, gup_sewer_entry_spiral, guppyfry_early_orc_mine
D:4:      layout_basic, serial_corexii_hall, chequers_hall_statues_wall_a,
          corexii_hall_statues_l, uniq_pikel, uniq_duvessa
D:5:      layout_basic, general_overflow_altar,
          chequers_temple_overflow_statue_of_worship, minmay_temple_entry_trees
D:6:      layout_layer_cave, gammafunk_temple_overflow_statue
D:7:      layout_cave_pools
D:8:      wander_river, layout_loops_ring, basic_altar,
          hangedman_decor_opposing, nzn_life_drinkers, uniq_joseph, uniq_grum,
          uniq_maurice
D:9:      minmay_clustersquares, layout_stronghold,
          grunt_temple_overflow_order_and_chaos_1, david_lair_generic,
          minivault_27, minmay_hollow_rounded_squares, uniq_erolcha

Skill      XL: |  1  2  3  4  5  6  7  8  9 10 |
---------------+-------------------------------+-----
Fighting       | 4 5 6 7 8 10 | 10.2
Axes           | 5 6 7 8 9 11 12 14 | 14.5
Armour         | 3 4 5 |  5.6
Shields        | 2 4 |  4.0
Evocations     | 4 5 |  5.0
Dodging        | |  1.5

Action                   |  1- 3 |  4- 6 |  7- 9 | 10-12 || total
-------------------------+-------+-------+-------+-------++-------
Melee: Hand axe          |    76 |   155 |       |       ||   231
       War axe           |       |       |   334 |   141 ||   475
Invok: Berserk           |     2 |     4 |     7 |     5 ||    18
       Trog's Hand       |       |       |       |     1 ||     1
  Use: Potion            |       |       |     1 |     4 ||     5
 Stab: Sleeping          |       |       |     1 |       ||     1
Armor: Animal skin       |     7 |     1 |       |       ||     8
       Scale mail        |       |    41 |    21 |       ||    62
       Leather armour    |       |       |    57 |       ||    57
       Ring mail         |       |       |       |    64 ||    64
Dodge: Dodged            |    41 |   122 |   222 |    71 ||   456
Block: Buckler           |       |       |    50 |    36 ||    86

Table legend: (Time is in decaauts)
 A = Elapsed time spent in this place.
 B = Non-inter-level travel time spent in this place.
 C = Inter-level travel time spent in this place.
 D = Time resting spent in this place.
 E = Time spent auto-exploring this place.
 F = Levels seen in this place.
 G = Mean time per level.
                   A        B        C        D        E       F      G
               +--------+--------+--------+--------+--------+-----+--------+
         Total |  11579 |  11245 |    334 |    234 |   9597 |   9 | 1286.6 |
       Dungeon |  11579 |  11245 |    334 |    234 |   9597 |   9 | 1286.6 |
               +--------+--------+--------+--------+--------+-----+--------+

Top non-repeatable levels by time:
     D:6: 2024 daAuts
     D:8: 1790 daAuts
     D:5: 1728 daAuts
     D:3: 1473 daAuts
     D:1: 1262 daAuts
     D:4: 1040 daAuts
     D:2: 916 daAuts
     D:7: 893 daAuts
     D:9: 450 daAuts
